cohdb
Replays
Latest Replays
All Replays
Popular Replays
Top Player Replays
Match Explorer
How It Works
Community
CoH3 Stats
Reddit
Sign in to upload your games and track your stats! →
Sign in with Steam
Match 40201183
Unlisted
Match 40201183
Overview
Messages
Build Orders
End
Construct Infanterie Kompanie
Grenadier Squad
Grenadier Squad
Grenadier Squad
Construct Luftwaffe Kompanie
MG 42 Machine Gun Team
221 Scout Car
Selects Terror Battlegroup
Selects Heavy Gunnery
Support Elements
Selects Contempt for the Weak
Selects Interrogate
Wirbelwind Flakpanzer
Pioneer Squad
Wirbelwind Flakpanzer
Jäger Squad
Selects Propaganda Leaflet Drop
Luftwaffe Officer Quarters
Marder III M Tank Destroyer
MG 42 Bunker
Wirbelwind Flakpanzer
Side Skirts
Selects V1 Rocket Strike
Repair Bunker
Dragoness
insane
Devrye
DaNTe
Jaremir
Foxy Guy
Belfegor ๏̯͡๏
jhclover
0
0
Comments
sign in to comment!
No comments posted yet!